 Dungeon Crawl Stone Soup version 0.30-a0-122-g2a1322497e (webtiles) character file.

Game seed: 7564595106900238558

196 omnomnOMINOUS the Chiller (level 5, 0/52 HPs)
             Began as an Octopode Wanderer on Sept 16, 2022.
             Was a Follower of Makhleb.
             Succumbed to a scorpion's poison
             ... on level 4 of the Dungeon.
             The game lasted 00:06:09 (3519 turns).

omnomnOMINOUS the Chiller (Octopode Wanderer)       Turns: 3519, Time: 00:06:10

Health: 0/52       AC: 22    Str: 11 (14) XL:     5   Next: 74%
Magic:  4/8        EV:  2    Int: 15 (16) God:    Makhleb [*.....]
Gold:   159        SH:  5    Dex:  8 (11) Spells: 6/8 levels left

rFire   . . .      SeeInvis .    a - +3 mace
rCold   . . .      Faith    .    (no shield)
rNeg    . . .      Spirit   .    (helmet currently unavailable)
rPois   +          Reflect  +    l - amulet of reflection
rElec   .          Harm     .    (no ring)
rCorr   .          Rampage  .    (no ring)
Will    .....      NoTele   +    (no ring)
Stlth   ++........               (no ring)
HPRegen 0.17/turn                (no ring)
MPRegen 0.11/turn                (no ring)
                                 (no ring)
                                 (no ring)

@: brilliant, lethally poisoned (0 -> -9), tree-form, hasted, very quick
A: stationary, stasis, torment immunity, boosted hp, almost no armour,
(amphibious), 8 rings, (camouflage 1), (gelatinous body 1), (nimble swimmer 1),
(tentacles), sense surroundings 1, strong 1, MP-powered wands
a: Renounce Religion


You were on level 4 of the Dungeon.
You worshipped Makhleb.
Makhleb was aware of your devotion.
You were a tree.
You visited 1 branch of the dungeon, and saw 4 of its levels.

You collected 159 gold pieces.

Inventory:

Hand Weapons
 a - a +3 mace (weapon)
Armour
 c - a +0 hat (melded)
Jewellery
 l - an amulet of reflection (around neck)
Wands
 n - a wand of paralysis (10)
Scrolls
 d - 2 scrolls of fear {unknown}
 e - a scroll of vulnerability
 h - a scroll of poison {unknown}
 i - 2 scrolls of teleportation {unknown}
 m - a scroll of identify {unknown}
 o - a scroll of amnesia {unknown}
Potions
 b - a potion of haste
 p - a potion of ambrosia {unknown}


   Skills:
 + Level 2.4 Fighting
 + Level 2.3 Dodging
 - Level 4.0 Stealth
 - Level 2.0 Spellcasting
 - Level 1.0 Translocations
 + Level 5.3 Ice Magic
 + Level 1.2 Invocations


You had 6 spell levels left.
You knew the following spells:

 Your Spells              Type           Power      Damage    Failure   Level
a - Apportation           Tloc           12%        N/A       14%         1
b - Freeze                Ice            100%       1d11      2%          1

Your spell library contained the following spells:

 Spells                   Type           Power      Damage    Failure   Level
 Ozocubu's Armour         Ice            26%        N/A       8%          3
 Ensorcelled Hibernation  Hex/Ice        28%        N/A       11%         2
 Portal Projectile        Hex/Tloc       8%         N/A       47%         3


Dungeon Overview and Level Annotations

Branches:
Dungeon (4/15)
 Temple: D:4-7

Altars:
Makhleb


Innate Abilities, Weirdness & Mutations

You are a tree.
Your roots penetrate the ground, keeping you stationary.
You cannot be teleported.
You are immune to unholy pain and torment.
Your maximum health is greatly increased.
You cannot wear most types of armour.
((You are amphibious.))
You can wear up to eight rings at the same time.
((Your skin changes colour to match your surroundings (Stealth+).))
((Your rubbery body absorbs attacks. (AC +1, EV +1)))
((You are camouflaged when in or above water. (Stealth+)))
((You have tentacles for arms and can constrict up to eight enemies at once.))
You passively map a small area around you.
Your muscles are strong. (Str +4, Int/Dex -1)
You expend magic power (3 MP) to strengthen your wands.


Message History

The scorpion is heavily wounded.
You feel sick. The scorpion stings you.
Unknown command.
Casting: Freeze (safe; 2% risk of failure)
Confirm with . or Enter, or press ? or * to list all spells.
Aiming: Freeze (safe; 2% risk of failure)
Press: ? - help, Shift-Dir - straight line, f/p - scorpion
Aim: a scorpion (heavily wounded)
You freeze the scorpion.
The scorpion is severely wounded.
You feel sick. The scorpion stings you.
You are more poisoned.
The scorpion poisons you! The scorpion stings you!
Casting: Freeze (safe; 2% risk of failure)
Confirm with . or Enter, or press ? or * to list all spells.
Okay, then.
Unknown command.
It was a potion of haste.
You feel yourself speed up.
* * * LOW HITPOINT WARNING * * *
You feel very sick. The scorpion closely misses you.
It was a potion of brilliance.
You feel clever all of a sudden.
* * * LOW HITPOINT WARNING * * *
You feel sick.
It was a potion of mutation.
You feel extremely strange.
You feel a strange attunement to the structure of the dungeons.
You feel your magical essence link to the dungeon's wands.
You feel stronger.
* * * LOW HITPOINT WARNING * * *
You feel sick. The scorpion closely misses you.
It was a potion of lignification.
You turn into a tree.
Your +0 hat melds into your body.
Your roots penetrate the ground.
* * * LOW HITPOINT WARNING * * *
You feel sick. The scorpion stings you.
* * * LOW HITPOINT WARNING * * *
It was a potion of degeneration.
There was something very wrong with that liquid.
You feel weakened.
You feel dopey.
You feel clumsy.
You die...

* #<...# #....#
##########....# ,
#.......##....# ,
#.#...........# >
#.#.###.##....# #.#.#
#.##....# ########.#.#
#.##.......
......s♣...#*#.##....#..
*
$..r.........#.#######..
* ..........##.#.# . , ,
*..........+*,#.# , ,
..........# ,#.#
..........#* * * * * ,
....#####.# *> ,, ....
.[ , , * *


You could see a scorpion and a quokka (asleep).

Vanquished Creatures
  A hound (D:3)
  Jessica (D:2)
  Ijyb (D:3)
  Terence (D:2)
  3 adders (D:3)
  A gnoll (D:1)
  A worm (D:2)
  2 dart slugs
  An orc (D:3)
  2 ball pythons (D:2)
  2 endoplasms
  2 giant cockroaches
  4 goblins
  5 hobgoblins
  3 jackals (D:1)
  4 kobolds
  2 quokkas
  8 bats
  2 frilled lizards
  4 rats
50 creatures vanquished.

Notes
Turn   | Place    | Note
-------+----------+-------------------------------------------
     0 | D:1      | omnomnOMINOUS the Octopode Wanderer began the quest for the
                  | Orb.
     0 | D:1      | omnomnOMINOUS set off with the following items: a +0
                  | dagger, a scroll of vulnerability, a +0 hat; and the
                  | following spells available to memorise: Freeze, Ozocubu's
                  | Armour, Apportation, Ensorcelled Hibernation, Portal
                  | Projectile.
     0 | D:1      | Reached XP level 1. HP: 11/11 MP: 3/3
    10 | D:1      | Learned a level 1 spell: Apportation
    12 | D:1      | Learned a level 1 spell: Freeze
   291 | D:1      | Reached XP level 2. HP: 4/18 MP: 1/5
   831 | D:1      | Reached skill level 1 in Fighting
   988 | D:1      | Reached skill level 1 in Dodging
   988 | D:1      | Reached XP level 3. HP: 23/23 MP: 6/6
  1939 | D:2      | Noticed Jessica
  1942 | D:2      | Killed Jessica
  1943 | D:2      | Reached XP level 4. HP: 28/28 MP: 4/7
  2220 | D:2      | Noticed Terence
  2226 | D:2      | Killed Terence
  2227 | D:2      | Reached skill level 5 in Ice Magic
  2497 | D:2      | Found a faded altar of an unknown god.
  2504 | D:2      | Prayed at the altar of an unknown god.
  2504 | D:2      | Became a worshipper of Makhleb the Destroyer
  2504 | D:2      | Reached * piety under Makhleb
  2684 | D:3      | Reached XP level 5. HP: 28/34 MP: 8/8
  2991 | D:3      | Noticed Ijyb
  3029 | D:3      | Paralysed by Ijyb for 3 turns
  3034 | D:3      | Killed Ijyb
  3185 | D:3      | Reached skill level 1 in Invocations
  3517 | D:4      | Gained mutation: You passively map a small area around you.
                  | [potion of mutation]
  3517 | D:4      | Gained mutation: You expend magic power (3 MP) to
                  | strengthen your wands. [potion of mutation]
  3517 | D:4      | Gained mutation: Your muscles are strong. (Str +4, Int/Dex
                  | -1) [potion of mutation]
  3518 | D:4      | HP: 1/52 [scorpion (6)]
  3519 | D:4      | Succumbed to a scorpion's poison

Illustrated notes

Levels and vault maps discovered:
D:1:      minmay_arrival_four_circles, layout_basic
D:2:      layout_basic, dreamdust_ecumenical_altar_hidden_monk_grotto,
          uniq_jessica, uniq_terence
D:3:      layout_rooms, uniq_ijyb
D:4:      layout_basic, okawaru_gym_becter, grunt_dithmenos_smoke,
          hangedman_abyss_or_decor_jellyfish_corner, serial_bayou_lagoon_a

Skill      XL: |  1  2  3  4  5 |
---------------+----------------+-----
Fighting       | 1 2 |  2.4
Dodging        | 1 2 |  2.3
Ice Magic      | 5 |  5.3
Invocations    | 1 |  1.2
Stealth        | |  4.0
Spellcasting   | |  2.0
Translocations | |  1.0

Action                   |  1- 3 |  4- 6 || total
-------------------------+-------+-------++-------
Melee: Dagger            |    15 |       ||    15
       Constrict         |    17 |     6 ||    23
       Tentacles         |     6 |     5 ||    11
       Whip              |     9 |       ||     9
       Mace              |    27 |    34 ||    61
       Punch             |     1 |       ||     1
 Cast: Freeze            |     4 |    23 ||    27
  Use: Potion            |       |     5 ||     5
 Stab: Sleeping          |     6 |     6 ||    12
Armor: Skin              |    10 |     1 ||    11
Dodge: Dodged            |    34 |    32 ||    66
Block: Other             |       |     6 ||     6

Table legend: (Time is in decaauts)
 A = Elapsed time spent in this place.
 B = Non-inter-level travel time spent in this place.
 C = Inter-level travel time spent in this place.
 D = Time resting spent in this place.
 E = Time spent auto-exploring this place.
 F = Levels seen in this place.
 G = Mean time per level.
                   A        B        C        D        E       F      G
               +--------+--------+--------+--------+--------+-----+--------+
         Total |   3540 |   3481 |     59 |    461 |   2555 |   4 |  885.0 |
       Dungeon |   3540 |   3481 |     59 |    461 |   2555 |   4 |  885.0 |
               +--------+--------+--------+--------+--------+-----+--------+

Top non-repeatable levels by time:
     D:1: 1569 daAuts
     D:2: 997 daAuts
     D:3: 945 daAuts
     D:4: 28 daAuts
